 Dungeon Crawl Stone Soup version 0.32-a0-876-gcfddb08e57 (webtiles) character file.

Game seed: 10294183464451855695

22615 teonee the Scorcher (level 12, 0/96 HPs)
             Began as a Mountain Dwarf Cinder Acolyte on Apr 1, 2024.
             Was an Initiate of Ignis.
             Slain by a +0 morningstar of chaos (17 damage)
             ... on level 3 of the Lair of Beasts.
             The game lasted 02:00:50 (18229 turns).

teonee the Scorcher (MDCA)                         Turns: 18229, Time: 02:00:51

Health: 0/96       AC: 28    Str: 17    XL:     12   Next: 64%
Magic:  29/35      EV:  4    Int: 26    God:    Ignis [......]
Gold:   680        SH: 11    Dex:  8    Spells: 26/32 levels left

rFire   + + .        a - staff of fire
rCold   . . .        Y - +0 tower shield
rNeg    + . .        I - +5 chain mail {rPois}
rPois   +            z - +0 helmet
rElec   +            w - +2 cloak "Qaullymi" {rElec rN+ Regen+ Dex+3}
rCorr   .            d - +0 pair of gloves
SInv    .            (no boots)
Will    +....        (no amulet) Stlth
                     V - +6 ring of intelligence
HPRegen 1.16/turn    E - ring of magical power
MPRegen 0.24/turn

%: no passive effects
@: fiery-armoured, hasted, very quick
A: runic magic, artefact enchanting
a: Renounce Religion, Rising Flame


You were on level 3 of the Lair of Beasts.
You worshipped Ignis.
Ignis was noncommittal.
You visited 2 branches of the dungeon, and saw 14 of its levels.
You also visited: Sewer.

You collected 827 gold pieces.
You spent 147 gold pieces at shops.

Inventory:

Hand Weapons
 y - a +4 vampiric spear
 R - a +3 falchion of freezing
Armour
 d - a +0 pair of gloves (worn)
 f - a scarf of shadows
 w - the +2 cloak "Qaullymi" (worn) {rElec rN+ Regen+ Dex+3}
   (You found it on level 2 of the Dungeon)

   Dex+3:     It affects your dexterity (+3).
   rElec:     It insulates you from electricity.
   rN+:       It protects you from negative energy.
   Regen+:    It increases your rate of health regeneration.
 z - a +0 helmet (worn)
 I - a +5 chain mail of poison resistance (worn)
 Y - a +0 tower shield (worn)
Magical Staves
 a - a staff of fire (weapon)
 k - a staff of air
Jewellery
 b - a ring of flight
 t - a ring of ice
 B - a ring of wizardry
 E - a ring of magical power (right hand)
 V - a +6 ring of intelligence (left hand)
Talismans
 C - a maw talisman
 U - a beast talisman
Wands
 j - a wand of mindburst (12)
 D - a wand of polymorph (8)
 J - a wand of warping (29)
 O - a wand of digging (6)
 T - a wand of flame (11)
Scrolls
 c - a scroll of teleportation
 e - a scroll of poison
 g - 3 scrolls of blinking
 h - 4 scrolls of amnesia
 i - a scroll of summoning
 l - a scroll of brand weapon {unknown}
 n - 3 scrolls of immolation
 p - 2 scrolls of identify
 q - a scroll of fog
 x - 2 scrolls of enchant weapon
 F - 2 scrolls of noise
 G - a scroll of torment {unknown}
 H - a scroll of revelation
 P - a scroll of acquirement
 X - a scroll of silence {unknown}
 Z - 2 scrolls of vulnerability {unknown}
Potions
 m - a potion of mutation {unknown}
 o - a potion of ambrosia
 r - 3 potions of resistance
 s - 2 potions of degeneration
 v - 2 potions of lignification {unknown}
 A - 2 potions of might
 M - a potion of berserk rage {unknown}
 N - a potion of haste


   Skills:
 + Level 6.1 Fighting
 + Level 5.5(6.2) Axes
 + Level 3.2(4.8) Polearms
 + Level 2.8(3.7) Staves
 + Level 7.7 Armour
 - Level 2.5 Dodging
 - Level 1.0 Stealth
 + Level 3.9 Shields
 + Level 10.9 Spellcasting
 + Level 0.7 Hexes
 + Level 1.0 Translocations
 + Level 15.1 Fire Magic
 + Level 1.5 Evocations


You had 26 spell levels left.
You knew the following spells:

 Your Spells              Type           Power      Damage    Failure   Level
a - Scorch                Fire           100%       2d9       1%          2
b - Volatile Blastmotes   Fire/Tloc      100%       2d18      8%          3
c - Slow                  Hex            68%        N/A       45%         1

Your spell library contained the following spells:

 Spells                   Type           Power      Damage    Failure   Level
 Apportation              Tloc           38%        N/A       41%         1
 Kiss of Death            Conj/Necr      56%        2d9       56%         1
 Necrotise                Necr           56%        1d6       56%         1
 Sandblast                Erth           28%        2d8       56%         1
 Sting                    Conj/Alch      56%        1d6       56%         1
 Summon Small Mammal      Summ           56%        N/A       56%         1
 Sublimation of Blood     Necr           14%        N/A       71%         2
 Confusing Touch          Hex            17%        N/A       83%         3
 Dazzling Flash           Conj/Hex       32%        N/A       86%         3
 Mephitic Cloud           Conj/Alch/Air  14%        N/A       90%         3
 Passwall                 Erth           14%        N/A       90%         3
 Stone Arrow              Conj/Erth      28%        3d8       90%         3
 Vampiric Draining        Necr           14%        2d7       90%         3
 Vhi's Electric Charge    Tloc/Air       32%        N/A       99%         4
 Animate Dead             Necr           14%        N/A       100%        4
 Brom's Barrelling Bould  Conj/Erth      14%        2d4       100%        4
 Dispel Undead            Necr           14%        3d10      100%        4
 Petrify                  Alch/Erth      14%        N/A       100%        4
 Borgnjor's Vile Clutch   Necr/Erth      7%         N/A       100%        5
 Curse of Agony           Necr           14%        N/A       100%        5
 Irradiate                Conj/Alch      7%         3d14      100%        5
 Silence                  Hex/Air        8%         N/A       100%        5
 Bombard                  Conj/Erth      7%         9d2       100%        6
 Death Channel            Necr           7%         N/A       100%        6


Dungeon Overview and Level Annotations

Branches:
Dungeon (11/15)            Temple (0/1) D:5            Lair (3/5) D:11
    Orc (0/2) D:11          Sewer (visited)
  Swamp: Lair:2-3    Shoals: Lair:2-3     Snake: Lair:2-3    Spider: Lair:2-3

Altars:
Ashenzari
Dithmenos
Hepliaklqana
Nemelex Xobeh
Okawaru
Trog
Xom
Zin

Shops:
D:4 ?   D:6 (?!?   D:8 [


Innate Abilities, Weirdness & Mutations

Your spellcasting is much less encumbered by armour.
You can use scrolls of enchantment on lesser artefacts.


Message History

The +0 morningstar of chaos is lightly damaged.
The +0 morningstar of chaos's fire resistance burns away.
The +0 morningstar of chaos hits you! The +0 morningstar of chaos hits you!!
As you read the scroll of teleportation, it crumbles to dust.
You feel strangely unstable.
You block the +0 morningstar of chaos's attack.
The +0 morningstar of chaos attacks as it pursues you!
The +0 morningstar of chaos hits you!
You feel your power leaking away.
Your surroundings suddenly seem different.
You see here 5 stones.
You see here 5 stones.
You start resting.
Magic restored.
You see here 5 stones.
The +0 morningstar of chaos attacks as it pursues you!
The +0 morningstar of chaos hits you!! The +0 morningstar of chaos hits you!
The +0 morningstar of chaos attacks as it pursues you!
The +0 morningstar of chaos hits you!
The +0 morningstar of chaos attacks as it pursues you!
You block the +0 morningstar of chaos's attack.
The +0 morningstar of chaos hits you!
You feel your power leaking away.
A protective cloak of flame settles atop you.
You can no longer armour yourself in flame.
You can no longer call a swarm of foxfires against your foes.
You block the +0 morningstar of chaos's attack.
You feel yourself speed up.
You block the +0 morningstar of chaos's attack.
The +0 morningstar of chaos hits you!!
* * * LOW HITPOINT WARNING * * *
The +0 morningstar of chaos freezes you!
* * * LOW HITPOINT WARNING * * *
The +0 morningstar of chaos hits you but does no damage.
The +0 morningstar of chaos attacks as it pursues you!
You block the +0 morningstar of chaos's attack.
The +0 morningstar of chaos attacks as it pursues you!
The +0 morningstar of chaos hits you!
You die...
Ignis goes out, and joins you in death.

............####### ###.........#
...........#..#.#P##............#
.......>##...##.#................
#.....(#####.....................
##.....# ###...................
##....## #...................
.....#.# ###..................
.....### #.#.(................
......# ###..@................
......# ###...................##
......# #....................##.
....P#♣ #....................#._
♣♣♣♣♣♣ ##....................##'
#.#.....>..........÷.....
♣####.......................
♣....|......................
♣............#..............


You could see a +0 morningstar of chaos.

Vanquished Creatures
  The ghost of mertasd123 the Thaumaturge, a journeyman DECj of Vehumet (Lair:3)
  A catoblepas (Lair:2)
  2 two-headed ogres (D:10)
  Pikel (D:5)
  A cyclops (D:11)
  A torpor snail (Lair:3)
  7 cane toads
  A gargoyle (D:11)
  2 rime drakes
  6 komodo dragons
  A troll (D:9)
  A polar bear (Lair:3)
  5 blink frogs (Lair:3)
  A shadow (D:11)
  41 yaks
  A wraith (D:9)
  A basilisk (Lair:2)
  Menkaure (D:4)
  5 water moccasins
  Duvessa (D:5)
  An ice beast (D:6)
  2 sky beasts
  5 orc warriors
  6 black bears
  2 ogres
  9 centaurs
  2 lemures (D:5)
  A phantom (D:4)
  7 kobold brigands
  13 bullfrogs
  2 brain worms (Sewer)
  2 gnoll sergeants
  8 wights
  Dowan (D:5)
  21 killer bees
  2 electric eels (Lair:1)
  2 howler monkeys
  3 jellies
  4 bombardier beetles
  A gnoll bouda (D:6)
  2 hounds
  4 orc priests
  Crazy Yiuf (D:4)
  A sleepcap (D:8)
  2 iguanas
  7 orc wizards
  Robin (D:3)
  16 gnolls
  8 adders
  5 river rats
  A shadow imp (D:6)
  A white imp (D:5)
  3 dart slugs
  A ribbon worm (D:5)
  35 orcs
  8 endoplasms
  7 giant cockroaches
  14 hobgoblins
  14 jackals
  2 quokkas
  10 ball pythons
  7 bats
  5 frilled lizards
  22 goblins
  30 kobolds
  18 rats
  A spectral kobold (D:2)
  2 butterflies (Lair:2)
403 creatures vanquished.

Vanquished Creatures (collateral kills)
  14 foxfires (Sewer)
14 creatures vanquished.

Vanquished Creatures (others)
  50 foxfires
50 creatures vanquished.

Grand Total: 467 creatures vanquished

Notes
Turn   | Place    | Note
-------+----------+-------------------------------------------
     0 | D:1      | teonee the Mountain Dwarf Cinder Acolyte began the quest
                  | for the Orb.
     0 | D:1      | Reached XP level 1. HP: 19/19 MP: 2/2
     5 | D:1      | Found a runed translucent door.
   206 | D:1      | Reached XP level 2. HP: 12/26 MP: 3/3
   283 | D:1      | Learned a level 2 spell: Scorch
   448 | D:1      | Reached skill level 4 in Fire Magic
   734 | D:1      | Reached XP level 3. HP: 31/33 MP: 2/4
  1211 | D:2      | Reached XP level 4. HP: 29/40 MP: 5/5
  1292 | D:2      | Found a faded altar of an unknown god.
  1328 | D:2      | Learned a level 3 spell: Volatile Blastmotes
  1888 | D:3      | Found a glowing drain.
  2052 | Sewer    | Entered a sewer
  2123 | Sewer    | Reached skill level 5 in Axes
  2285 | Sewer    | Reached skill level 1 in Armour
  2318 | Sewer    | Reached XP level 5. HP: 46/46 MP: 2/7
  2669 | Sewer    | Reached skill level 1 in Dodging
  2776 | Sewer    | Reached skill level 5 in Fire Magic
  2776 | Sewer    | Reached XP level 6. HP: 52/52 MP: 1/9
  3559 | D:3      | Reached XP level 7. HP: 58/59 MP: 6/11
  3874 | D:3      | Learned a level 1 spell: Slow
  3957 | D:2      | Identified the +0 cloak "Qaullymi" {rElec rN+ Regen+ Dex+3}
  4167 | D:3      | Noticed Robin
  4174 | D:3      | Killed Robin
  4392 | D:3      | Found a bloodstained altar of Trog.
  4448 | D:4      | Reached skill level 6 in Fire Magic
  4601 | D:4      | Found Quxaon's Magic Scroll Shop.
  4707 | D:4      | Noticed Menkaure
  4711 | D:4      | Killed Menkaure
  4712 | D:4      | Reached skill level 1 in Polearms
  4849 | D:4      | Reached XP level 8. HP: 66/67 MP: 6/13
  5447 | D:4      | Found a broken altar of Ashenzari.
  5447 | D:4      | Found a shadowy altar of Dithmenos.
  5452 | D:4      | Found a sparkling altar of Nemelex Xobeh.
  5503 | D:4      | Found a glowing silver altar of Zin.
  5504 | D:4      | Found an iron altar of Okawaru.
  5539 | D:4      | Found a runed translucent door.
  5540 | D:4      | Noticed Crazy Yiuf
  5549 | D:4      | Killed Crazy Yiuf
  5677 | D:5      | Entered Level 5 of the Dungeon
  5692 | D:5      | Reached skill level 7 in Fire Magic
  5932 | D:5      | Noticed Duvessa
  5942 | D:5      | Killed Duvessa
  5944 | D:5      | Noticed Dowan
  5953 | D:5      | Killed Dowan
  6076 | D:5      | Found a staircase to the Ecumenical Temple.
  6435 | D:5      | Noticed Pikel
  6456 | D:5      | Killed Pikel
  6457 | D:5      | Reached skill level 5 in Spellcasting
  6457 | D:5      | Reached skill level 8 in Fire Magic
  6855 | D:5      | Reached XP level 9. HP: 72/72 MP: 4/16
  7491 | D:6      | Reached skill level 9 in Fire Magic
  7497 | D:6      | Found Ipyrch's Magic Scroll Emporium.
  7681 | D:6      | Found Run Veca's Distillery.
  7688 | D:6      | Bought a potion of heal wounds for 65 gold pieces
  7996 | D:6      | Found Meonea Biwne's Magic Scroll Shop.
  8011 | D:6      | Bought a scroll of enchant armour for 82 gold pieces
  8262 | D:6      | Found Vaot's Weapon Shop.
  8266 | D:6      | Reached skill level 10 in Fire Magic
  8725 | D:7      | Reached skill level 5 in Armour
  9311 | D:8      | Reached XP level 10. HP: 77/80 MP: 16/20
  9604 | D:8      | Reached skill level 11 in Fire Magic
  9997 | D:8      | Reached skill level 5 in Fighting
 10158 | D:8      | Found Peryth's Antique Armour Emporium.
 10923 | D:9      | Reached skill level 1 in Evocations
 11313 | D:9      | Identified a scroll of acquirement
 11944 | D:10     | Entered Level 10 of the Dungeon
 11962 | D:10     | Noticed a two-headed ogre
 11971 | D:10     | Killed a two-headed ogre
 11972 | D:10     | Reached skill level 12 in Fire Magic
 12126 | D:10     | Reached skill level 1 in Shields
 12126 | D:10     | Reached XP level 11. HP: 84/88 MP: 12/23
 12482 | D:10     | Noticed a two-headed ogre
 12490 | D:10     | Killed a two-headed ogre
 12810 | D:10     | Reached skill level 13 in Fire Magic
 13289 | D:11     | Reached skill level 1 in Staves
 13930 | D:11     | Found a staircase to the Orcish Mines.
 14078 | D:11     | Found a staircase to the Lair.
 14373 | Lair:1   | Entered Level 1 of the Lair of Beasts
 14519 | Lair:1   | Reached skill level 1 in Stealth
 15181 | Lair:1   | Reached skill level 14 in Fire Magic
 15500 | Lair:1   | Found a hazy altar of Hepliaklqana.
 15801 | Lair:2   | Reached XP level 12. HP: 57/95 MP: 4/25
 16285 | Lair:2   | Reached skill level 10 in Spellcasting
 16589 | Lair:2   | Noticed a catoblepas
 16620 | Lair:2   | Killed a catoblepas
 17277 | Lair:3   | Found a runed translucent door.
 17278 | Lair:3   | Found a shimmering altar of Xom.
 17278 | Lair:3   | Noticed mertasd123's ghost (journeyman DECj)
 17420 | Lair:3   | Found a gate leading to a gauntlet.
 17430 | Lair:3   | Reached skill level 15 in Fire Magic
 17571 | Lair:3   | Killed mertasd123's ghost
 17572 | Lair:3   | Reached skill level 1 in Translocations
 18229 | Lair:3   | Slain by a +0 morningstar of chaos

Illustrated notes

Levels and vault maps discovered:
D:1:      dpeg_arrival_caged_fury, layout_rooms, minmay_pentomino_w4
D:2:      kennysheep_six_static_rooms, layout_rooms,
          dreamdust_ecumenical_altar_drowned_temple, hex_medium
D:3:      kennysheep_goblin_castle, layout_basic, bloody_trog,
          portal_sewer_entry_c, grunt_decor_junction
D:4:      kennysheep_spiral_hall, layout_basic,
          chequers_temple_overflow_minitemple, serial_shops, shop,
          minmay_misc_feat_ornament, minmay_starry_boxes, uniq_menkaure,
          uniq_crazy_yiuf_cottage
D:5:      layout_loops_corners, minmay_temple_entry_grid, uniq_duvessa,
          uniq_pikel
D:6:      layout_cave_pools, serial_shops, nicolae_stop_n_shop_1,
          nicolae_shop_tiny_waterfront, nicolae_shop_window_shopping,
          nicolae_shop_trees, shop_fountains
D:7:      layout_basic
D:8:      layout_loops_ring, serial_shops, nicolae_lakefront_shop, eino_jars
D:9:      minmay_evil_eye, layout_irregular_city, serial_column_ruins,
          column_ruins_open_tiny, column_ruins_columns_straight,
          column_ruins_corridor_dead_end, column_ruins_grid_3
D:10:     layout_loops_corners
D:11:     layout_basic, david_orc_2
Lair:1:   layout_loops_ring, lemuel_centaur_altar, serial_bayou_shore_a
Lair:2:   layout_roguey, nicolae_snake_entry_squirm, columned_hall_lemuel,
          lemuel_fruit_fields, lemuel_fruit_tree
Lair:3:   layout_cave_pods, mainiacjoe_swamp_entry_angry_trees,
          ebering_ghost_xom, gauntlet_entry_generic, ldierk_geyser, uniq_amaemon

Skill      XL: |  1  2  3  4  5  6  7  8  9 10 11 12 |
---------------+-------------------------------------+-----
Axes           | 4 5 |  5.5
Fire Magic     | 4 5 6 8 10 12 14 15 | 15.1
Armour         | 1 2 3 5 6 7 |  7.7
Fighting       | 4 5 6 |  6.1
Dodging        | 1 2 |  2.5
Spellcasting   | 2 3 5 6 8 9 10 | 10.9
Polearms       | 1 2 3 |  3.2
Evocations     | 1 |  1.5
Shields        | 1 2 3 |  3.9
Staves         | 2 |  2.8
Stealth        | 1 |  1.0
Translocations | 1 |  1.0
Hexes          | |  0.7

Action                     |  1- 3 |  4- 6 |  7- 9 | 10-12 || total
---------------------------+-------+-------+-------+-------++-------
  Melee: Hand axe          |    96 |   135 |    13 |       ||   244
         Spear             |       |       |   239 |    48 ||   287
         Staff             |       |       |       |   211 ||   211
   Cast: Scorch            |    17 |    40 |   144 |   434 ||   635
         Slow              |       |       |     5 |     1 ||     6
         Volatile Blastmot |       |       |    17 |    19 ||    36
 Invoke: Foxfire Swarm     |     1 |     2 |     2 |     1 ||     6
         Fiery Armour      |       |     2 |       |     1 ||     3
  Evoke: Wand              |       |       |     3 |    21 ||    24
    Use: Potion            |     1 |     2 |     3 |    10 ||    16
         Scroll            |       |     5 |     6 |    12 ||    23
   Stab: Sleeping          |       |       |     1 |       ||     1
 Armour: Robe              |    37 |       |       |       ||    37
         Leather armour    |    68 |    83 |    99 |       ||   250
         Skin              |     1 |       |       |       ||     1
         Chain mail        |       |       |   220 |   705 ||   925
  Dodge: Dodged            |    70 |    53 |   133 |   111 ||   367
  Block: Tower shield      |       |       |       |   303 ||   303

Table legend: (Time is in decaauts)
 A = Elapsed time spent in this place.
 B = Non-inter-level travel time spent in this place.
 C = Inter-level travel time spent in this place.
 D = Time resting spent in this place.
 E = Time spent auto-exploring this place.
 F = Levels seen in this place.
 G = Mean time per level.
                   A        B        C        D        E       F      G
               +--------+--------+--------+--------+--------+-----+--------+
         Total |  18536 |  18536 |      0 |   7338 |   4954 |  15 | 1235.7 |
       Dungeon |  13146 |  13146 |      0 |   5353 |   3259 |  11 | 1195.1 |
          Lair |   3918 |   3918 |      0 |   1430 |   1353 |   3 | 1306.0 |
         Sewer |   1471 |   1471 |      0 |    555 |    341 |   1 | 1471.0 |
               +--------+--------+--------+--------+--------+-----+--------+

Top non-repeatable levels by time:
     D:5: 1797 daAuts
     D:8: 1633 daAuts
   Sewer: 1471 daAuts
  Lair:1: 1399 daAuts
  Lair:2: 1352 daAuts
     D:9: 1301 daAuts
    D:10: 1288 daAuts
     D:4: 1263 daAuts
    D:11: 1185 daAuts
     D:3: 1176 daAuts
  Lair:3: 1167 daAuts
     D:2: 1143 daAuts
     D:6: 907 daAuts
     D:1: 831 daAuts
     D:7: 617 daAuts
